 Dungeon Crawl Stone Soup version 0.31-a0-40-g1d5085d191 (webtiles) character file.

Game seed: 5133928954250097364

58 lunkers the Firebug (level 4, -1/33 HPs)
             Began as a Meteoran Wanderer on May 17, 2023.
             Slain by an orc
             ... wielding a +0 dagger
              (3 damage)
             ... on level 2 of the Dungeon.
             The game lasted 00:02:52 (686 turns).

lunkers the Firebug (Meteoran Wanderer)              Turns: 686, Time: 00:02:52

Health: -1/33      AC:  3    Str: 11    XL:     4   Next: 43%
Magic:  0/9        EV: 13    Int: 13    God:
Gold:   107        SH:  0    Dex: 18    Spells: 5/8 levels left

rFire   . . .        a - +0 dagger
rCold   . . .        (no shield)
rNeg    . . .        c - +0 robe
rPois   .            d - +0 helmet
rElec   .            (no cloak)
rCorr   .            (no gloves)
SInv    .            (no boots)
Will    .....        (no amulet)
Stlth   +            (no ring)
HPRegen 0.25/turn    (no ring)
MPRegen 0.11/turn

%: no passive effects
@: glowing
A: sense surroundings 1, otherworldly, glowing, explore regen
a: no special abilities


You were on level 2 of the Dungeon.
You visited 1 branch of the dungeon, and saw 2 of its levels.

You collected 107 gold pieces.

Inventory:

Hand Weapons
 a - a +0 dagger (weapon)
Armour
 c - a +0 robe (worn)
 d - a +0 helmet (worn)
Scrolls
 e - a scroll of fear {unknown}
 i - a scroll of identify {unknown}
 k - 2 scrolls of teleportation {unknown}
 m - a scroll of silence {unknown}
 n - a scroll of noise {unknown}
Potions
 b - 2 potions of might
 f - 2 potions of brilliance {unknown}
 g - 2 potions of mutation {unknown}
 h - a potion of curing {unknown}
 j - 2 potions of ambrosia {unknown}
 l - a potion of berserk rage {unknown}
 o - a potion of flight {unknown}


   Skills:
 - Level 1.2 Armour
 - Level 2.4 Dodging
 + Level 2.7 Spellcasting
 * Level 6.1 Fire Magic
 - Level 2.1 Ice Magic


You had 5 spell levels left.
You knew the following spells:

 Your Spells              Type           Power      Damage    Failure   Level
b - Scorch                Fire           34%        2d6       3%          2
p - Foxfire               Conj/Fire      36%        2x1d5     7%          1

Your spell library contained the following spells:

 Spells                   Type           Power      Damage    Failure   Level
 Freeze                   Ice            28%        1d5       10%         1
 Frozen Ramparts          Ice            14%        1d3       28%         3
 Flame Wave               Conj/Fire      9%         2d6       54%         4


Dungeon Overview and Level Annotations

Branches:
Dungeon (2/15) Zot: 513

Altars:
Elyvilon


Innate Abilities, Weirdness & Mutations

You passively map a small area around you.
You are easily found by Zot.
You glow in the dark.
You regain HP and MP as you explore.


Message History

Unknown command.
Casting: Foxfire (safe; 7% risk of failure)
Confirm with . or Enter, or press ? or * to list all spells.
You conjure some foxfire!
The foxfire hits the orc.
The orc is severely wounded.
The orc misses you.
Unknown command.
The foxfire hits the orc.
You kill the orc!
The orc attacks as you move away! The orc closely misses you.
Casting: Foxfire (safe; 7% risk of failure)
Confirm with . or Enter, or press ? or * to list all spells.
You conjure some foxfire!
* * * LOW MAGIC WARNING * * *
The orc misses you. The orc closely misses your foxfire.
Casting: Foxfire (safe; 7% risk of failure)
Confirm with . or Enter, or press ? or * to list all spells.
You conjure some foxfire!
* * * LOW MAGIC WARNING * * *
The foxfire hits the orc.
The orc is lightly wounded.
The foxfire hits the orc.
The orc is severely wounded.
The orc hits you with a +0 hand axe.
* * * LOW HITPOINT WARNING * * *
The orc hits your foxfire with a +0 hand axe.
The foxfire hits the orc.
You kill the orc!
The foxfire hits the rat.
You kill the rat!
There is a white marble altar of Elyvilon here.
You closely miss the orc. The orc hits you but does no damage.
You hit the orc but do no damage. The orc hits you with a +0 dagger.
* * * LOW HITPOINT WARNING * * *
Casting: Foxfire (safe; 7% risk of failure)
Confirm with . or Enter, or press ? or * to list all spells.
You conjure some foxfire!
* * * LOW MAGIC WARNING * * *
The orc hits you with a +0 dagger.
You die...

#...###>....#.....
#.#.....#...... ..
#.).###.#..##.#...
##..........##.....
##†)##...........#..
##...................
##.............#.....#
#....o.........#.###.#
#...#.v@...........##*
#.###.v...###.#.....##..
.. ###.#####.#.........
** #.....#.#.#.#..... ,
### #.........###. ,*
###...##### ##....#
######...#.# * *
#........#..#** *


You could see an orc (ally target).

Vanquished Creatures
  An adder (D:2)
  A worm (D:2)
  2 dart slugs (D:1)
  4 orcs (D:2)
  5 endoplasms
  2 giant cockroaches
  4 goblins
  3 hobgoblins (D:1)
  A quokka (D:1)
  2 ball pythons (D:1)
  4 bats
  A frilled lizard (D:2)
  3 kobolds (D:1)
  3 rats
36 creatures vanquished.

Vanquished Creatures (others)
  51 foxfires
51 creatures vanquished.

Grand Total: 87 creatures vanquished

Notes
Turn   | Place    | Note
-------+----------+-------------------------------------------
     0 | D:1      | lunkers the Meteoran Wanderer began the quest for the Orb.
     0 | D:1      | lunkers set off with the following items: a +0 dagger, a
                  | potion of might, a +0 robe, a +0 helmet; and the following
                  | spells available to memorise: Scorch, Foxfire, Freeze,
                  | Frozen Ramparts, Flame Wave.
     0 | D:1      | Reached XP level 1. HP: 14/14 MP: 3/3
     2 | D:1      | Learned a level 1 spell: Foxfire
    55 | D:1      | Reached skill level 5 in Fire Magic
    57 | D:1      | Reached XP level 2. HP: 13/20 MP: 0/5
   165 | D:1      | Reached XP level 3. HP: 18/26 MP: 7/7
   171 | D:1      | Learned a level 2 spell: Scorch
   500 | D:1      | Glimpsed the power of Zot.
   557 | D:2      | Found a white marble altar of Elyvilon.
   583 | D:2      | Reached XP level 4. HP: 3/33 MP: 0/8
   610 | D:2      | Reached skill level 6 in Fire Magic
   686 | D:2      | Slain by an orc

Illustrated notes

Levels and vault maps discovered:
D:1:      dpeg_arrival_simpleton_a, layout_basic
D:2:      layout_rooms, basic_altar

Skill      XL: |  1  2  3  4 |
---------------+-------------+-----
Fire Magic     | 5 6 |  6.1
Spellcasting   | 2 |  2.7
Armour         | |  1.2
Dodging        | |  2.4
Ice Magic      | |  2.1

Action                     |  1- 3 |  4- 6 || total
---------------------------+-------+-------++-------
  Melee: Dagger            |    70 |     5 ||    75
         Punch             |     1 |       ||     1
   Cast: Foxfire           |    24 |    14 ||    38
         Scorch            |     3 |       ||     3
 Armour: Robe              |    28 |     4 ||    32
  Dodge: Dodged            |    40 |    16 ||    56

Table legend: (Time is in decaauts)
 A = Elapsed time spent in this place.
 B = Non-inter-level travel time spent in this place.
 C = Inter-level travel time spent in this place.
 D = Time resting spent in this place.
 E = Time spent auto-exploring this place.
 F = Levels seen in this place.
 G = Mean time per level.
                   A        B        C        D        E       F      G
               +--------+--------+--------+--------+--------+-----+--------+
         Total |    685 |    670 |     15 |      0 |    385 |   2 |  342.5 |
       Dungeon |    685 |    670 |     15 |      0 |    385 |   2 |  342.5 |
               +--------+--------+--------+--------+--------+-----+--------+

Top non-repeatable levels by time:
     D:1: 516 daAuts
     D:2: 169 daAuts
